 Dungeon Crawl Stone Soup version 0.25-a0-426-g7d9e569eea (webtiles) character file.

Game seed: 6988647196988616508, levelgen mode: deterministic

263 BeastOfSaturn the Insei (level 5, -9/40 HPs)
             Began as a Draconian Transmuter on Jan 25, 2020.
             Mangled by an ogre
             ... wielding a +0 giant spiked club
              (16 damage)
             ... on level 4 of the Dungeon.
             The game lasted 00:10:55 (3479 turns).

BeastOfSaturn the Insei (Draconian Transmuter)      Turns: 3479, Time: 00:10:55

Health: -9/40      AC:  5    Str: 12    XL:     5   Next: 98%
Magic:  7/9        EV: 13    Int: 14    God:
Gold:   219        SH:  0    Dex: 12    Spells: 5/9 levels left

rFire    . . .     SeeInvis .     - Unarmed
rCold    . . .     Gourm    .   (no shield)
rNeg     . . .     Faith    .   (armour unavailable)
rPois    .         Spirit   .   (helmet restricted)
rElec    .         Reflect  .   (no cloak)
rCorr    .         Harm     .   (no gloves)
MR       .....                  (no boots)
Stlth    +.........             (no amulet)
HPRegen  0.13/turn              (no ring)
MPRegen  0.11/turn              (no ring)

@: no status effects
A: unfitting armour, cold-blooded, AC +5
a: no special abilities


You were on level 4 of the Dungeon.
You were not hungry.

You visited 1 branch of the dungeon, and saw 6 of its levels.

You collected 219 gold pieces.

Inventory:

Missiles
 a - 67 arrows
Scrolls
 b - 8 scrolls of identify {unknown}
 f - a scroll of enchant armour {unknown}
 g - a scroll of blinking {unknown}
 h - a scroll of enchant weapon {unknown}
 k - a scroll of remove curse {unknown}
 l - 2 scrolls of teleportation {unknown}
 o - a scroll of magic mapping {unknown}
Potions
 d - a potion of heal wounds {unknown}
 e - 2 potions of ambrosia {unknown}
 i - a potion of curing {unknown}
 j - a potion of haste {unknown}
 m - a potion of brilliance {unknown}
 n - a potion of magic {unknown}
Comestibles
 c - 6 rations


   Skills:
 + Level 1.2 Fighting
 * Level 2.6 Dodging
 + Level 0.6 Stealth
 * Level 5.5 Unarmed Combat
 + Level 2.8 Spellcasting
 + Level 2.5 Transmutations


You had 5 spell levels left.
You knew the following spells:

 Your Spells              Type           Power        Failure   Level  Hunger
a - Beastly Appendage     Tmut           #.....       8%          1    #......
b - Spider Form           Tmut/Pois      #.........   36%         3    ###....

Your spell library contained the following spells:

 Spells                   Type           Power        Failure   Level  Hunger
 Sticks to Snakes         Tmut           #.......     12%         2    ##.....
 Ice Form                 Ice/Tmut       #.......     78%         4    #####..
 Blade Hands              Tmut           #.........   91%         5    ######.


Dungeon Overview and Level Annotations

Branches:
Dungeon (6/15)
 Temple: D:4-7

Altars:
Ashenzari
Elyvilon
Kikubaaqudgha
Uskayaw
Wu Jian

Annotations:
D:6 3 runed translucent doors, ReteAZ's ghost, novice OpEE


Innate Abilities, Weirdness & Mutations

Your plain brown scales are hard. (AC +5)
You cannot fit into any form of body armour.
You are cold-blooded and may be slowed by cold attacks.


Message History

Your transformation is almost over.
The orc wizard gestures wildly while chanting.
The orc wizard seems to speed up.
You bite the ogre!
The ogre is moderately wounded.
The orc wizard casts a spell at you. The puff of frost hits you!
The ogre completely misses you.
You hit the ogre.
The ogre is poisoned.
The ogre is heavily wounded.
The orc wizard casts a spell at you. The puff of flame hits you!
* * * LOW HITPOINT WARNING * * *
Your transformation has ended.
The hound pauses to sniff the ground.
The orc wizard casts a spell.
The orc wizard flickers and vanishes!
Deactivating autopickup; reactivate with Ctrl-A.
There is a stone staircase leading up here.
The ogre hits you with a +0 giant spiked club!
You die...

#
#..#h.#......#
..
#..#...#####..
...######.#
......#...#
##.......#
#.##....##
#.####.####h##
#......####O#
#.....@.#
#.####### #.#
#.# #.# #.#
#.#######.
#.........
#.########


You could see an ogre and a hound.

Vanquished Creatures
  A scorpion (D:5)
  An orc priest (D:4)
  An iguana (D:4)
  2 worker ants (D:4)
  3 gnolls (D:3)
  An ooze (D:1)
  4 worms
  2 dart slugs (D:1)
  3 leopard geckos
  2 orcs
  2 giant cockroaches
  8 goblins
  2 hobgoblins
  9 jackals (D:2)
  4 quokkas
  2 ball pythons (D:2)
  3 bats
  7 frilled lizards
  4 kobolds
  4 rats
65 creatures vanquished.

Vanquished Creatures (others)
  5 toadstools (D:1)
5 creatures vanquished.

Grand Total: 70 creatures vanquished

Notes
Turn   | Place    | Note
-------+----------+-------------------------------------------
     0 | D:1      | BeastOfSaturn the Draconian Transmuter began the quest for
                  | the Orb.
     0 | D:1      | Reached XP level 1. HP: 16/16 MP: 3/3
   278 | D:1      | Reached XP level 2. HP: 17/23 MP: 3/5
   823 | D:2      | Reached skill level 4 in Unarmed Combat
   823 | D:2      | Reached XP level 3. HP: 28/28 MP: 4/6
   868 | D:2      | Found an ornate altar of the Wu Jian Council.
  1228 | D:2      | Found an ancient bone altar of Kikubaaqudgha.
  1261 | D:2      | Found a hide-covered altar of Uskayaw.
  1748 | D:3      | Found a shattered altar of Ashenzari.
  1753 | D:3      | You fall into a shaft and drop 3 floors!
  1753 | D:6      | Found a runed translucent gate.
  1753 | D:6      | Found a runed translucent gate.
  1753 | D:6      | Found a runed translucent gate.
  1753 | D:6      | Noticed ReteAZ's ghost (novice OpEE)
  1829 | D:5      | Entered Level 5 of the Dungeon
  1864 | D:5      | Noticed a scorpion
  1880 | D:5      | Killed a scorpion
  1880 | D:5      | Reached XP level 4. HP: 27/35 MP: 5/7
  2031 | D:4      | Reached skill level 5 in Unarmed Combat
  2031 | D:4      | Reached XP level 5. HP: 26/40 MP: 6/9
  2662 | D:3      | Found a white marble altar of Elyvilon.
  2673 | D:3      | Learned a level 3 spell: Spider Form
  3463 | D:4      | Noticed an ogre
  3479 | D:4      | Mangled by an ogre

Levels and vault maps discovered:
D:1:      ldierk_walled_garden, layout_rooms, chequers_decorated_corner,
          minmay_misc_feat_room, minmay_misc_feat_more_columns,
          minmay_crystal_water, hangedman_decor_push
D:2:      minmay_inner_zag, layout_loops_ring, kiku_gazebo_pond_becter,
          lemuel_crystal_altar, lemuel_doored_altar,
          corexii_item_surrounded_by_moat
D:3:      layout_basic, elyvilon_altar_3, ashenzari_altar_1, first_ration
D:4:      layout_loops_ring, marbit_many_paths, fedhas_altar_1,
          lemuel_round_altar, hangedman_ru_absence
D:5:      layout_loops_ring, tgw_trog
D:6:      layout_layer_cave, zin_angel, minmay_temple_entry_proselytizer,
          biasface_ghost_orc_armoury

Skill      XL: |  1  2  3  4 |
---------------+-------------+-----
Unarmed Combat | 4 5 |  5.5
Dodging        | 2 |  2.6
Fighting       | |  1.2
Stealth        | |  0.6
Spellcasting   | |  2.8
Transmutations | |  2.5

Action                   |  1- 3 |  4- 6 || total
-------------------------+-------+-------++-------
Melee: Unarmed           |   156 |    86 ||   242
       Kick              |    17 |    11 ||    28
       Tailslap          |    12 |    11 ||    23
       Headbutt          |     6 |     4 ||    10
       Punch             |       |     2 ||     2
 Cast: Beastly Appendage |    25 |    14 ||    39
       Spider Form       |       |     1 ||     1
 Stab: Sleeping          |       |     2 ||     2
  Eat: Chunk             |     3 |       ||     3
       Ration            |     1 |     1 ||     2
Armor: Skin              |    52 |     9 ||    61
Dodge: Dodged            |    92 |    53 ||   145

Table legend:
 A = Non-vault XP
 B = Vault XP
 C = Vault XP percentage of total XP
 D = Non-vault monster count
 E = Vault monster count
 F = Vault count percentage of total count
                 A         B        C        D         E       F
            +---------+---------+-------+---------+---------+-------
      Total |     372 |       5 |   1.3 |      62 |       3 |   4.6
            +---------+---------+-------+---------+---------+-------
        D:1 |      35 |       0 |   0.0 |      19 |       0 |   0.0
        D:2 |      42 |       5 |  10.6 |      20 |       3 |  13.0
        D:3 |      68 |       0 |   0.0 |      13 |       0 |   0.0
        D:4 |     156 |       0 |   0.0 |       7 |       0 |   0.0
        D:5 |      71 |       0 |   0.0 |       3 |       0 |   0.0
            +---------+---------+-------+---------+---------+-------
